[Event "Titled Tuesday Blitz March 01 Early 2022"]
[White "Terzi, Alexei"]
[Black "Kamsky, Gata"]
[WhiteFideId "13505076"]
[BlackFideId "2000024"]
[WhiteElo "2031"]
[BlackElo "2645"]
[Result "0-1"]
[Round "03"]
[TimeControl "180+1"]
[Date "2022.03.01"]
[WhiteClock "0:00:07"]
[BlackClock "0:00:33"]

1. e4 e5 2. Nf3 Nc6 3. d4 exd4 4. Nxd4 Bc5 5. Nb3 Bb6 6. Nc3 Nge7 7. Qe2 O-O 8. Be3 f5 9. O-O-O Bxe3+ 10. Qxe3 f4 11. Qd2 d6 12. Bc4+ Kh8 13. f3 Ne5 14. Be2 N7g6 15. Nd4 Bd7 16. Kb1 c6 17. Rhg1 b5 18. Ka1 b4 19. Nb1 a5 20. Nf5 d5 21. g4 fxg3 22. Nxg3 Be6 23. Rdf1 dxe4 24. Qxd8 Raxd8 25. fxe4 Nf4 26. Ba6 g6 27. Rd1 Bg4 28. Rxd8 Rxd8 29. Rf1 Bf3 30. b3 h5 31. h4 Ng2 32. Rf2 Nxh4 33. Nd2 Bg4 34. Nc4 Nxc4 35. Bxc4 Nf3 36. e5 Nxe5 37. Ba6 Kg7 38. Ne4 h4 39. Kb2 h3 40. Ng3 Bf3 41. Bf1 Rh8 42. Rh2 Bg4 43. Ne4 Nf3 44. Rh1 h2 45. Bg2 Ne5 46. Nf2 Bf3 47. Bxf3 Nxf3 48. Ng4 Rh4 49. Nxh2 Rxh2 50. Rf1 Nd4 0-1


[Site "https://www.chess.com"]

[Event "Titled Tuesday Blitz March 01 Early 2022"]
[White "Thomas, Anysia"]
[Black "Yang, Kaiqi"]
[WhiteFideId "670472"]
[BlackFideId "8604398"]
[WhiteElo "2002"]
[BlackElo "2373"]
[Result "0-1"]
[Round "03"]
[TimeControl "180+1"]
[Date "2022.03.01"]
[WhiteClock "0:00:02"]
[BlackClock "0:00:06"]

1. d4 Nf6 2. c4 g6 3. Nc3 Bg7 4. e4 d6 5. h3 O-O 6. Nf3 Na6 7. Be3 c6 8. Be2 Nc7 9. Qd2 b5 10. e5 b4 11. exf6 bxc3 12. bxc3 exf6 13. O-O Re8 14. Rfe1 Be6 15. Rad1 Qd7 16. Bf4 Bf5 17. Bg3 g5 18. Bd3 Bg6 19. d5 c5 20. Bxg6 fxg6 21. Re2 Rxe2 22. Qxe2 Re8 23. Qd2 h6 24. Re1 f5 25. h4 f4 26. Bh2 g4 27. Rxe8+ Nxe8 28. Ne1 g5 29. hxg5 hxg5 30. Qd3 Kf7 31. Nc2 Nf6 32. Na3 Qe7 33. Nb5 a6 34. Na3 Qe1+ 35. Qf1 Qxc3 36. Nb1 Qc2 37. g3 f3 38. Kh1 Ne4 39. Bg1 Bd4 0-1


[Site "https://www.chess.com"]

[Event "Titled Tuesday Blitz March 01 Early 2022"]
[White "Tillis., Bryan"]
[Black "Arabidze, Meri"]
[WhiteFideId "2059053"]
[BlackFideId "13604040"]
[WhiteElo "2482"]
[BlackElo "2329"]
[Result "0-1"]
[Round "03"]
[TimeControl "180+1"]
[Date "2022.03.01"]
[WhiteClock "0:00:01"]
[BlackClock "0:00:21"]

1. Nf3 d5 2. g3 Nf6 3. Bg2 g6 4. O-O Bg7 5. c4 c6 6. d4 O-O 7. Nbd2 b6 8. b3 a5 9. Bb2 a4 10. bxa4 Ba6 11. Qb3 Nbd7 12. Ne5 Nxe5 13. dxe5 Ne4 14. Nxe4 dxe4 15. Rfd1 Qc7 16. Bxe4 Bxe5 17. Bxe5 Qxe5 18. Bxc6 Rac8 19. Bf3 Qc5 20. Rd5 Qc7 21. Rd4 Bxc4 22. Qb4 Be6 23. a3 Rfd8 24. Rxd8+ Rxd8 25. h4 h5 26. Rb1 Rd6 27. Qb5 Bd7 28. Qa6 Qc5 29. Qa8+ Kg7 30. Qa7 Qd4 31. a5 bxa5 32. Qxd4+ Rxd4 33. Rb7 Kf6 34. Ra7 a4 35. e3 Rd2 36. Ra6+ e6 37. Ra7 Bb5 38. Ra5 Rb2 39. Kg2 Rb3 40. Be4 Be8 41. Ra8 Bd7 42. Ra7 Bb5 43. Ra5 Ke7 44. Bf3 Kd6 45. Ra7 Rxa3 46. Rxf7 Ra1 47. Ra7 a3 0-1


[Site "https://www.chess.com"]

[Event "Titled Tuesday Blitz March 01 Early 2022"]
[White "Tologon tegin, Semetei"]
[Black "Jakubowska, Anna"]
[WhiteFideId "13800574"]
[BlackFideId "1121952"]
[WhiteElo "2258"]
[BlackElo "1924"]
[Result "1-0"]
[Round "03"]
[TimeControl "180+1"]
[Date "2022.03.01"]
[WhiteClock "0:00:27"]
[BlackClock "0:00:14"]

1. e4 c6 2. d3 d5 3. Nd2 g6 4. Ngf3 Bg7 5. g3 Bg4 6. Bg2 e6 7. O-O Ne7 8. h3 Bxf3 9. Qxf3 O-O 10. Qe2 Nd7 11. f4 Qb6+ 12. Kh1 Rad8 13. g4 Rfe8 14. e5 g5 15. Nf3 gxf4 16. Bxf4 Ng6 17. Bg3 Qxb2 18. Rab1 Qxa2 19. Rxb7 Rf8 20. h4 Qa4 21. d4 c5 22. h5 Ne7 23. c3 cxd4 24. cxd4 Nc6 25. Qe3 h6 26. Bh4 Qa6 27. Rfb1 Rb8 28. Rxb8 Rxb8 29. Rxb8+ Ndxb8 30. g5 Kh7 31. gxh6 Bxh6 32. Bg5 Bxg5 33. Nxg5+ Kg7 34. h6+ Kxh6 35. Nxe6+ Kg6 36. Qg3+ Kf5 37. Ng7# 1-0


[Site "https://www.chess.com"]

[Event "Titled Tuesday Blitz March 01 Early 2022"]
[White "Tomiello, Mateus Costamilan"]
[Black "Gerbelli Neto, Eduardo"]
[WhiteFideId "22701958"]
[BlackFideId "2103281"]
[WhiteElo "1975"]
[BlackElo "2178"]
[Result "1-0"]
[Round "03"]
[TimeControl "180+1"]
[Date "2022.03.01"]
[WhiteClock "0:01:16"]
[BlackClock "0:00:44"]

1. d4 d5 2. c4 c6 3. Nf3 Nf6 4. Nc3 e6 5. e3 Nbd7 6. Qc2 Bb4 7. a3 Bxc3+ 8. Qxc3 Ne4 9. Qc2 O-O 10. Bd3 f5 11. O-O Ndf6 12. Ne5 Bd7 13. f3 Nd6 14. b3 Nf7 15. Nxf7 Rxf7 16. Bb2 Rc8 17. Rae1 Qe7 18. b4 Be8 19. e4 fxe4 20. fxe4 dxe4 21. Bxe4 Nxe4 22. Qxe4 Rxf1+ 23. Kxf1 Bf7 24. Kg1 Rd8 25. d5 cxd5 26. cxd5 Bg6 27. Qe5 Rc8 28. d6 Qd7 29. Qxe6+ Qxe6 30. Rxe6 Rc2 31. d7 Rd2 32. Re8+ 1-0


[Site "https://www.chess.com"]

[Event "Titled Tuesday Blitz March 01 Early 2022"]
[White "Tsyhanchuk, Stanislav"]
[Black "Sahin, Handenur"]
[WhiteFideId "13505130"]
[BlackFideId "6334865"]
[WhiteElo "2078"]
[BlackElo "2178"]
[Result "1-0"]
[Round "03"]
[TimeControl "180+1"]
[Date "2022.03.01"]
[WhiteClock "0:01:07"]
[BlackClock "0:00:32"]

1. d4 d5 2. c4 c6 3. Nc3 Nf6 4. e3 Bf5 5. cxd5 cxd5 6. Qb3 Bc8 7. Nf3 Nc6 8. Bb5 e6 9. Ne5 Bd7 10. O-O Bd6 11. f4 O-O 12. Bd2 a6 13. Bd3 b5 14. Rac1 Na5 15. Qd1 Rc8 16. g4 b4 17. Nb1 Rxc1 18. Bxc1 Ne4 19. g5 Bxe5 20. dxe5 Bb5 21. Bxb5 axb5 22. Nd2 Nxd2 23. Bxd2 Qe7 24. Qe2 Nc4 25. Rf3 Ra8 26. Rh3 Nxd2 27. Qxd2 Rxa2 28. Qd3 Ra1+ 29. Kg2 f5 30. gxf6 gxf6 31. Rg3+ Kh8 32. Qxb5 Ra8 33. Qc6 Rg8 34. f5 Rxg3+ 35. hxg3 fxe5 36. fxe6 d4 37. Qd7 Qc5 38. e7 Qc2+ 39. Kh3 1-0


[Site "https://www.chess.com"]

[Event "Titled Tuesday Blitz March 01 Early 2022"]
[White "Urazayev, Arystanbek"]
[Black "Sovetbekova, Nurai"]
[WhiteFideId "13709810"]
[BlackFideId "13801910"]
[WhiteElo "2321"]
[BlackElo "1545"]
[Result "1-0"]
[Round "03"]
[TimeControl "180+1"]
[Date "2022.03.01"]
[WhiteClock "0:02:31"]
[BlackClock "0:00:13"]

1. e4 c5 2. Nf3 d6 3. d4 cxd4 4. Nxd4 Nf6 5. Nc3 a6 6. Rg1 e5 7. Nb3 Be6 8. g4 h6 9. h4 d5 10. exd5 Nxd5 11. Nxd5 Qxd5 12. Qxd5 Bxd5 13. Be3 Nc6 14. O-O-O O-O-O 15. Bb6 Rd7 16. a3 Be7 17. g5 hxg5 18. Bh3 Be6 19. Bxe6 fxe6 20. Rxd7 Kxd7 21. hxg5 Rh5 22. Be3 Nd4 23. Nxd4 exd4 24. Bxd4 Rxg5 25. Rd1 Kc6 26. Be3 Rd5 27. Rg1 Bf6 28. c4 Rf5 29. Kc2 b5 30. cxb5+ axb5 31. b3 e5 32. Rg4 Rh5 33. a4 bxa4 34. bxa4 Rh8 35. Rc4+ Kb7 36. Rb4+ Ka6 37. Rb6+ Ka5 38. Kb3 Bg5 39. Rb5+ Ka6 40. Bxg5 Rh3+ 41. Be3 Rh4 42. Rxe5 1-0


[Site "https://www.chess.com"]

[Event "Titled Tuesday Blitz March 01 Early 2022"]
[White "Van Foreest, Jorden"]
[Black "Kozak, Antoni"]
[WhiteFideId "1039784"]
[BlackFideId "21832030"]
[WhiteElo "3003"]
[BlackElo "2750"]
[Result "0-1"]
[Round "03"]
[TimeControl "180+1"]
[Date "2022.03.01"]
[WhiteClock "0:00:33"]
[BlackClock "0:00:05"]

1. Nf3 d5 2. b3 Bf5 3. Bb2 e6 4. g3 Nf6 5. Bg2 h6 6. d3 Be7 7. O-O O-O 8. Nbd2 c5 9. Ne5 Nbd7 10. e4 Bh7 11. Qe2 Nxe5 12. Bxe5 d4 13. Bxf6 Bxf6 14. f4 e5 15. Nc4 Qc7 16. a4 Rae8 17. Qd2 Kh8 18. Rf2 b6 19. Raf1 Bg8 20. fxe5 Bxe5 21. Nxe5 Rxe5 22. Rf6 Qe7 23. R6f4 f6 24. h4 a6 25. Bh3 b5 26. axb5 axb5 27. Ra1 Be6 28. Bxe6 Qxe6 29. Qe2 c4 30. bxc4 bxc4 31. Kh2 Rc8 32. Qf2 cxd3 33. cxd3 Rec5 34. Qxd4 Rc2+ 35. Rf2 Qe5 36. Qxe5 fxe5 37. Kg2 R8c3 38. Rxc2 Rxc2+ 39. Kf3 Rd2 40. Ra8+ Kh7 41. Rd8 h5 42. g4 Kg6 43. Rd6+ Kf7 44. gxh5 Ke7 45. Rd5 Ke6 46. h6 gxh6 47. Kg4 Rf2 48. Kh5 Rf6 49. Ra5 Rf3 50. Ra6+ Ke7 51. Kxh6 Rxd3 52. Kg5 Rg3+ 53. Kf5 Rh3 54. Rh6 Rf3+ 55. Kxe5 Kf7 56. h5 Kg7 57. Rg6+ Kf7 58. Rg5 Ra3 59. h6 Ra6 60. Rh5 Ra5+ 61. Kd6 Rxh5 62. e5 Rxh6+ 63. Kd7 Re6 0-1


[Site "https://www.chess.com"]

[Event "Titled Tuesday Blitz March 01 Early 2022"]
[White "Van den Dikkenberg, Erik"]
[Black "Danielian, Vardan"]
[WhiteFideId "1005880"]
[BlackFideId "13301594"]
[WhiteElo "2118"]
[BlackElo "2479"]
[Result "0-1"]
[Round "03"]
[TimeControl "180+1"]
[Date "2022.03.01"]
[WhiteClock "0:00:02"]
[BlackClock "0:00:14"]

1. e4 c5 2. Nc3 d6 3. d4 cxd4 4. Qxd4 e6 5. Nf3 a6 6. h4 Nc6 7. Qd2 Nf6 8. b3 Be7 9. Bb2 O-O 10. O-O-O Qc7 11. Kb1 b5 12. Bd3 Bb7 13. g4 Ne5 14. Nxe5 dxe5 15. g5 Nd7 16. Ne2 Nc5 17. h5 Nxe4 18. Bxe4 Bxe4 19. Rh4 Rfd8 20. Rxe4 Rxd2 21. Rxd2 Qc6 22. Rxe5 Qh1+ 23. Nc1 Qxh5 24. a3 Rc8 25. Nd3 Rd8 26. f4 h6 27. gxh6 Qxh6 28. Ree2 Bf6 29. Rh2 Qg6 30. Rdg2 Qf5 31. Be5 Rxd3 32. cxd3 Bxe5 33. fxe5 Qxe5 34. Kc2 Qc5+ 35. Kb2 g6 36. Rc2 Qd4+ 37. Ka2 Kg7 38. Rc8 Qxd3 39. Rch8 g5 40. R8h6 a5 41. R6h5 Qf5 42. Rg2 Kg6 43. Rgh2 a4 44. Rh6+ Kg7 45. R6h5 axb3+ 46. Kxb3 Qd5+ 47. Kb4 Qc4+ 48. Ka5 Qa4+ 49. Kb6 b4 50. Rxg5+ Kf6 51. Rgg2 bxa3 52. Rf2+ Ke7 53. Rc2 Qb3+ 54. Ka5 e5 55. Rce2 Qc3+ 56. Ka4 Ke6 57. Ra2 f5 58. Rhc2 Qd4+ 59. Kxa3 f4 60. Rd2 Qb6 61. Rab2 Qa5+ 62. Kb3 Kf5 63. Kc2 Qc5+ 64. Kd1 f3 65. Rf2 Kf4 66. Rbc2 Qd4+ 67. Rfd2 Qa1+ 68. Rc1 Qa4+ 69. Rcc2 e4 0-1


[Site "https://www.chess.com"]

[Event "Titled Tuesday Blitz March 01 Early 2022"]
[White "Vantika, Agrawal"]
[Black "Shukhman, Anna"]
[WhiteFideId "25050389"]
[BlackFideId "54180058"]
[WhiteElo "2075"]
[BlackElo "1628"]
[Result "1-0"]
[Round "03"]
[TimeControl "180+1"]
[Date "2022.03.01"]
[WhiteClock "0:00:05"]
[BlackClock "0:00:12"]

1. d4 Nf6 2. Nf3 g6 3. Nc3 d5 4. Bf4 Bg7 5. Nb5 Na6 6. e3 O-O 7. h3 Ne4 8. Bd3 c6 9. Na3 Qa5+ 10. c3 b5 11. Bxe4 dxe4 12. Ne5 Bb7 13. O-O Rad8 14. Qb3 Nc7 15. Nac4 Qa6 16. Nd2 c5 17. a4 Bd5 18. Qa3 cxd4 19. exd4 Ne6 20. Bh2 bxa4 21. Qxa4 Qe2 22. Ndc4 f5 23. Rfe1 Qh5 24. Qxa7 f4 25. Qxe7 Rde8 26. Qd7 Bxc4 27. Nxc4 e3 28. fxe3 f3 29. Rf1 fxg2 30. Rxf8+ Nxf8 31. Qxe8 Qf3 32. Nd2 Qe2 33. Qd7 Qxd2 34. Qd5+ Kh8 35. Qxg2 Qxe3+ 36. Qf2 Qg5+ 37. Qg2 Qe3+ 38. Kh1 h5 39. Rf1 Kh7 40. Be5 Bxe5 41. dxe5 Ne6 42. b4 Qxe5 43. Qb7+ Kh6 44. Qf3 Ng5 45. Qf8+ Kh7 46. Qf4 Qd5+ 47. Kh2 Qa2+ 48. Rf2 Qd5 49. h4 Ne4 50. Qf7+ Qxf7 51. Rxf7+ Kg8 52. Rc7 Nf6 53. b5 Ng4+ 54. Kg3 Kf8 55. b6 Ke8 56. b7 1-0


[Site "https://www.chess.com"]

[Event "Titled Tuesday Blitz March 01 Early 2022"]
[White "Viani Antonio Dcunha"]
[Black "Dounis, Alexandros"]
[WhiteFideId "5027330"]
[BlackFideId "4213238"]
[WhiteElo "2366"]
[BlackElo "2195"]
[Result "0-1"]
[Round "03"]
[TimeControl "180+1"]
[Date "2022.03.01"]
[WhiteClock "0:00:23"]
[BlackClock "0:00:42"]

1. e4 e5 2. Nf3 Nc6 3. d4 exd4 4. Nxd4 Bb4+ 5. c3 Bc5 6. Be3 Bb6 7. Bc4 Nf6 8. Nd2 O-O 9. O-O Re8 10. Re1 Nxe4 11. Nxc6 bxc6 12. Nxe4 Rxe4 13. Bxf7+ Kh8 14. Qh5 Bxe3 15. Bg6 Rh4 16. Qe5 d6 17. Qxe3 hxg6 18. Qg3 Bf5 19. Re3 Qf6 20. Rae1 Rf8 21. Re7 Rg4 22. Qh3+ Kg8 23. Rxc7 Be4 0-1


[Site "https://www.chess.com"]

[Event "Titled Tuesday Blitz March 01 Early 2022"]
[White "Wagner, Dennis"]
[Black "Zavgorodniy, Sergiy"]
[WhiteFideId "24650684"]
[BlackFideId "14110148"]
[WhiteElo "2355"]
[BlackElo "2420"]
[Result "0-1"]
[Round "03"]
[TimeControl "180+1"]
[Date "2022.03.01"]
[WhiteClock "0:00:01"]
[BlackClock "0:00:21"]

1. e4 e5 2. Nf3 d6 3. d4 exd4 4. Nxd4 Nf6 5. Nc3 Be7 6. g3 Bg4 7. f3 Bd7 8. Bg2 c5 9. Nde2 Bc6 10. Nf4 b5 11. O-O Nbd7 12. Be3 O-O 13. Qd2 Nb6 14. b3 b4 15. Nce2 d5 16. e5 Ne8 17. Nd3 d4 18. Bf2 Nc7 19. Rae1 Qd7 20. Nef4 Ne6 21. Nh5 c4 22. bxc4 Nxc4 23. Qd1 Rac8 24. f4 Bxg2 25. Kxg2 Qd5+ 26. Kh3 f5 27. exf6 Bxf6 28. Qg4 Rce8 29. Nxb4 Qd7 30. Bg1 Kh8 31. Nxf6 Rxf6 32. f5 Qb7 33. fxe6 Rh6+ 34. Qh4 Rxh4+ 35. Kxh4 Qxb4 36. e7 h6 37. Bxd4 Kg8 38. c3 Qd6 39. Rf5 Rxe7 40. Ref1 Ne3 41. Rf8+ Kh7 42. R1f3 Nc2 43. Bf2 Qe6 44. g4 Ne1 45. Re3 Ng2+ 46. Kg3 Nxe3 0-1


[Site "https://www.chess.com"]

[Event "Titled Tuesday Blitz March 01 Early 2022"]
[White "Wahedi, Ahmad Siar"]
[Black "Bashirli, Saadat"]
[WhiteFideId "4651260"]
[BlackFideId "13429990"]
[WhiteElo "2359"]
[BlackElo "1173"]
[Result "1-0"]
[Round "03"]
[TimeControl "180+1"]
[Date "2022.03.01"]
[WhiteClock "0:00:15"]
[BlackClock "0:00:07"]

1. c4 e6 2. e4 Be7 3. Nc3 c6 4. g3 d5 5. exd5 exd5 6. cxd5 cxd5 7. Bg2 Nf6 8. d4 Nc6 9. Nge2 Be6 10. O-O O-O 11. h3 Bb4 12. Nf4 Bxc3 13. bxc3 Qd7 14. Kh2 Rfe8 15. Rb1 b6 16. Be3 Rac8 17. Rc1 Na5 18. Nd3 Nc4 19. Ne5 Qc7 20. Bf4 Nxe5 21. Bxe5 Qe7 22. Re1 Nd7 23. Bf4 Qa3 24. Qd2 Nf6 25. f3 Rc4 26. Bf1 Rcc8 27. g4 Nd7 28. Bd3 h6 29. Bxh6 Qd6+ 30. Bf4 Qc6 31. Bb1 Nf6 32. Be5 Nd7 33. Qd3 Nxe5 34. Qh7+ Kf8 35. Rxe5 f6 36. Re2 Rc7 37. Rce1 Ke7 38. Rxe6+ Qxe6 39. Rxe6+ Kxe6 40. Bf5+ Kd6 41. Bg6 Re2+ 42. Kg3 Rxc3 43. Qxg7 Ree3 44. Qxf6+ Kd7 45. h4 Rxf3+ 46. Qxf3 Rxf3+ 47. Kxf3 b5 48. h5 a5 49. h6 b4 50. Bc2 a4 51. Bxa4+ 1-0


[Site "https://www.chess.com"]

[Event "Titled Tuesday Blitz March 01 Early 2022"]
[White "Weetik, Vjacheslav"]
[Black "Asadli, Vugar"]
[WhiteFideId "4153472"]
[BlackFideId "13405764"]
[WhiteElo "2469"]
[BlackElo "2635"]
[Result "0-1"]
[Round "03"]
[TimeControl "180+1"]
[Date "2022.03.01"]
[WhiteClock "0:00:02"]
[BlackClock "0:01:12"]

1. e4 g6 2. d4 Bg7 3. Nc3 a6 4. a4 d6 5. Nf3 Nf6 6. Be2 O-O 7. O-O Nc6 8. d5 Nb4 9. Nb1 a5 10. Nbd2 e6 11. c3 Na6 12. dxe6 Bxe6 13. Re1 Nc5 14. Qc2 Re8 15. Bf1 Bd7 16. Bb5 Bxb5 17. axb5 Qd7 18. c4 c6 19. bxc6 Qxc6 20. Nd4 Qb6 21. Nb5 d5 22. e5 dxc4 23. Nxc4 Qxb5 24. Nd6 Qc6 25. Nxe8 Rxe8 26. Be3 Nfd7 27. f4 a4 28. Rad1 b6 29. Rd6 Qb5 30. Red1 Nf8 31. h3 Nfe6 32. Kh2 Bf8 33. R6d5 Qb4 34. Qf2 Qe4 35. g3 h5 36. h4 Ng7 37. R5d2 Nf5 38. Re1 Qb4 39. Rde2 Rd8 40. Qf1 Rd3 41. Bf2 Ne6 42. Rd1 Rb3 43. Rdd2 Bc5 44. Bxc5 bxc5 45. Rg2 Ne3 0-1


[Site "https://www.chess.com"]

[Event "Titled Tuesday Blitz March 01 Early 2022"]
[White "Winkels, Marcel"]
[Black "Yanayt, Eugene"]
[WhiteFideId "1003887"]
[BlackFideId "2020165"]
[WhiteElo "1900"]
[BlackElo "2046"]
[Result "0-1"]
[Round "03"]
[TimeControl "180+1"]
[Date "2022.03.01"]
[WhiteClock "0:00:07"]
[BlackClock "0:00:01"]

1. b3 d6 2. Bb2 e5 3. e3 g6 4. d4 Bg7 5. Nf3 e4 6. Nfd2 f5 7. Be2 Nc6 8. a3 Nh6 9. O-O O-O 10. c4 Qh4 11. Nc3 Bd7 12. Nd5 Rac8 13. b4 Kh8 14. b5 Nd8 15. a4 Ne6 16. Qc2 c6 17. bxc6 bxc6 18. Nc3 Ng5 19. Ba3 Nhf7 20. Rab1 Rb8 21. Rxb8 Rxb8 22. Rb1 Rxb1+ 23. Qxb1 h6 24. Qb8+ Kh7 25. Bxd6 Bxd4 26. Bg3 Nh3+ 27. gxh3 Qxh3 28. Bf1 Qh5 29. exd4 Qg5 30. Qf4 Qe7 31. Qe3 g5 32. f4 Qf6 33. Nb3 Nd8 34. Nc5 Bc8 35. d5 cxd5 36. Nxd5 Qb2 37. Qc3 Qa2 38. Nf6+ Kg6 39. Ne8 Kf7 40. Qf6+ Kxe8 41. fxg5 hxg5 42. Qe5+ Kf8 43. Qf6+ Ke8 0-1


[Site "https://www.chess.com"]

[Event "Titled Tuesday Blitz March 01 Early 2022"]
[White "Wong, Yinn Long"]
[Black "Volkov, Maksim"]
[WhiteFideId "5707684"]
[BlackFideId "54123070"]
[WhiteElo "2055"]
[BlackElo "2081"]
[Result "1-0"]
[Round "03"]
[TimeControl "180+1"]
[Date "2022.03.01"]
[WhiteClock "0:00:08"]
[BlackClock "0:00:15"]

1. Nf3 d5 2. e3 Nf6 3. b3 Bf5 4. Bb2 e6 5. Be2 h6 6. O-O c5 7. d4 cxd4 8. Nxd4 Bh7 9. c4 Nc6 10. cxd5 exd5 11. Nc3 Be7 12. a3 O-O 13. b4 Ne5 14. Qb3 Rc8 15. Rfd1 Nc4 16. Rac1 Nxb2 17. Qxb2 Qb6 18. Qb3 Rfd8 19. Bf3 Be4 20. Nxe4 dxe4 21. Be2 Bd6 22. Bc4 Rc7 23. Nb5 Re7 24. a4 Ng4 25. h3 Bh2+ 26. Kf1 Rxd1+ 27. Rxd1 Ne5 28. Rd6 Nf3 29. Rxb6 Nd2+ 30. Ke2 Nxb3 31. Nxa7 Nc1+ 32. Kd2 Nd3 33. Bxd3 Rd7 34. Nb5 Rxd3+ 35. Ke2 Rb3 36. Nd4 Rb2+ 37. Ke1 Rb1+ 38. Kd2 Rb2+ 39. Nc2 Bg1 40. Rxb7 Bxf2 41. a5 Bxe3+ 42. Kxe3 Rxc2 43. a6 Rxg2 44. a7 Ra2 45. Rb8+ Kh7 46. a8=Q Rh2 47. Qxe4+ g6 48. Qf3 Rxh3 49. Qxh3 1-0


[Site "https://www.chess.com"]

[Event "Titled Tuesday Blitz March 01 Early 2022"]
[White "Yurtseven, Melih"]
[Black "Gaehwiler, Gabriel"]
[WhiteFideId "6312160"]
[BlackFideId "1314530"]
[WhiteElo "2160"]
[BlackElo "2383"]
[Result "1-0"]
[Round "03"]
[TimeControl "180+1"]
[Date "2022.03.01"]
[WhiteClock "0:00:12"]
[BlackClock "0:00:03"]

1. Nf3 Nf6 2. g3 b6 3. Bg2 Bb7 4. O-O g6 5. d3 Bg7 6. e4 O-O 7. e5 Ne8 8. Re1 c5 9. d4 cxd4 10. Qxd4 Bxf3 11. Bxf3 Nc6 12. Qf4 Qb8 13. Nc3 Nc7 14. Qh4 Nxe5 15. Bg2 Ne6 16. Nd5 Nd4 17. Nxe7+ Kh8 18. Qe4 Nec6 19. Nxc6 dxc6 20. Bf4 Qd8 21. Be5 Re8 22. Qxd4 Rxe5 23. Qxd8+ Rxd8 24. c3 c5 25. Red1 Bf6 26. Bf3 Kg7 27. Rxd8 Bxd8 28. Rd1 Bg5 29. Kg2 h5 30. Ba8 Re7 31. Rd5 Bf6 32. Rd2 Rc7 33. Bf3 Be5 34. h4 Kf6 35. Rd5 Re7 36. Rd8 Kg7 37. Ra8 Rc7 38. Bd5 Rd7 39. Bc4 Rc7 40. Kf3 Bf6 41. Re8 Re7 42. Rxe7 Bxe7 43. Ke4 g5 44. hxg5 Bxg5 45. f4 Bd8 46. Kf5 Bc7 47. Be2 Kh6 48. Kf6 h4 49. gxh4 Bxf4 50. Kxf7 Bc1 51. b3 Bd2 52. c4 Be1 53. h5 a5 54. Ke6 Bb4 55. Kd6 Kg5 56. Kc6 Kh6 57. Kxb6 Kg5 58. Kb5 Kh6 59. Ka4 Kg5 60. a3 Bc3 61. Kb5 Bb2 62. Kxc5 Bxa3+ 63. Kb5 Bb4 64. c5 Kf6 65. c6 Ke7 66. h6 Kd8 67. h7 Bc3 68. Kb6 Be5 69. Kb7 1-0


[Site "https://www.chess.com"]

[Event "Titled Tuesday Blitz March 01 Early 2022"]
[White "Yushko, Olga"]
[Black "Derraugh, Geordie"]
[WhiteFideId "14114500"]
[BlackFideId "2603950"]
[WhiteElo "2028"]
[BlackElo "2116"]
[Result "0-1"]
[Round "03"]
[TimeControl "180+1"]
[Date "2022.03.01"]
[WhiteClock "0:01:13"]
[BlackClock "0:00:33"]

1. d4 Nf6 2. c4 e5 3. dxe5 Ng4 4. Nf3 Bc5 5. e3 Nc6 6. Be2 Ngxe5 7. O-O O-O 8. Nc3 Re8 9. a3 a5 10. Qc2 Ra6 11. Rd1 Nxf3+ 12. Bxf3 Ne5 13. Be2 Rg6 14. Ne4 Bf8 15. Ng3 d6 16. b4 axb4 17. axb4 Bg4 18. Bb2 Qh4 19. c5 Bxe2 20. Qxe2 Ng4 21. h3 Nxe3 22. Rd4 Qd8 23. fxe3 Rxg3 24. Rg4 Rexe3 25. Qf2 Rxg4 26. Qxe3 Rxb4 27. Bc3 Rc4 28. cxd6 Qxd6 29. Be5 Qc5 30. Kf2 Rc2+ 31. Kf3 Qd5+ 32. Kg4 Rxg2+ 33. Bg3 f5+ 34. Kh4 Qd8+ 0-1


[Site "https://www.chess.com"]

[Event "Titled Tuesday Blitz March 01 Early 2022"]
[White "Zaksaite, Salomeja"]
[Black "Stepanencu, Nicodim-Cosmin"]
[WhiteFideId "12801496"]
[BlackFideId "1256220"]
[WhiteElo "2002"]
[BlackElo "1809"]
[Result "1-0"]
[Round "03"]
[TimeControl "180+1"]
[Date "2022.03.01"]
[WhiteClock "0:00:02"]
[BlackClock "0:00:13"]

1. e4 g6 2. d4 Bg7 3. Nc3 d6 4. Bc4 Nf6 5. Qe2 Nc6 6. e5 Nxd4 7. exf6 Nxe2 8. fxg7 Rg8 9. Ngxe2 Rxg7 10. Bh6 Rg8 11. O-O-O Be6 12. Bxe6 fxe6 13. f4 Qd7 14. Rhe1 e5 15. fxe5 g5 16. Ng3 O-O-O 17. e6 Qe8 18. Nf5 Rg6 19. Nd5 Kb8 20. h4 c6 21. Ndxe7 Rxh6 22. Nxh6 Qxe7 23. Nf7 Rf8 24. hxg5 d5 25. Re2 Rxf7 26. exf7 Qxf7 27. Rde1 a6 28. Re8+ Ka7 29. R8e7 Qf4+ 30. Kb1 Qg3 31. a3 a5 32. R1e6 Qxg5 33. Rxh7 Qxg2 34. Rxc6 Qf1+ 35. Ka2 Qf5 36. Rcc7 Ka6 37. Rxb7 Qxc2 38. Ra7+ Kb5 39. Rhb7+ Ka4 40. Rb4# 1-0


[Site "https://www.chess.com"]

[Event "Titled Tuesday Blitz March 01 Early 2022"]
[White "Zavivaeva, Emilia"]
[Black "Aaditya Dhingra"]
[WhiteFideId "34127531"]
[BlackFideId "25678191"]
[WhiteElo "1685"]
[BlackElo "1789"]
[Result "0-1"]
[Round "03"]
[TimeControl "180+1"]
[Date "2022.03.01"]
[WhiteClock "0:00:11"]
[BlackClock "0:01:20"]

1. e4 g6 2. d4 Bg7 3. Be3 c5 4. Nf3 Nc6 5. Be2 cxd4 6. Nxd4 Nf6 7. Bd3 d5 8. Nd2 Nxd4 9. Bxd4 dxe4 10. Nxe4 Qxd4 11. Bb5+ Nd7 12. Qxd4 Bxd4 13. Rd1 Bg7 14. Nc5 O-O 15. Nxd7 Bxd7 16. Rxd7 Rac8 17. c3 a6 18. Be2 b5 19. Rxe7 b4 20. O-O bxc3 21. bxc3 a5 22. c4 Rfd8 23. Bd1 Rxc4 24. Bb3 Rf4 25. g3 Rf6 26. Rc1 Bf8 27. Ra7 Rd2 28. Rcc7 Rdxf2 29. Rxf7 Rxf7 30. Rxf7 Rxf7 31. Bxf7+ Kxf7 32. Kf2 Ke6 33. Ke3 Kd5 34. Kf4 Be7 0-1


[Site "https://www.chess.com"]

[Event "Titled Tuesday Blitz March 01 Early 2022"]
[White "Zhigalko, Sergei"]
[Black "Roberson, Peter T"]
[WhiteFideId "13502956"]
[BlackFideId "412384"]
[WhiteElo "2662"]
[BlackElo "2346"]
[Result "1-0"]
[Round "03"]
[TimeControl "180+1"]
[Date "2022.03.01"]
[WhiteClock "0:00:21"]
[BlackClock "0:00:05"]

1. e4 c5 2. Nf3 a6 3. c3 e6 4. d4 d5 5. e5 Bd7 6. Bd3 Bb5 7. Bc2 a5 8. a4 Ba6 9. Na3 Nc6 10. Nb5 cxd4 11. Nfxd4 Nxd4 12. Qxd4 Rc8 13. O-O b6 14. Bd3 Bc5 15. Qg4 Kf8 16. Bg5 Ne7 17. Kh1 h6 18. Bd2 Bxb5 19. axb5 Qd7 20. b4 h5 21. Qh4 Nf5 22. Bxf5 Be7 23. Bg5 exf5 24. bxa5 Bxg5 25. Qxg5 Qxb5 26. Qxf5 Rxc3 27. a6 Ke7 28. Qg5+ Kd7 29. Qxg7 Re8 30. e6+ Rxe6 31. Qxc3 Rc6 32. Qh3+ Kc7 33. a7 Rc1 34. Rfxc1+ 1-0


[Site "https://www.chess.com"]

[Event "Titled Tuesday Blitz March 01 Early 2022"]
[White "Zierk, Steven"]
[Black "Seo, Jung Min"]
[WhiteFideId "2034255"]
[BlackFideId "1734687"]
[WhiteElo "2494"]
[BlackElo "2401"]
[Result "0-1"]
[Round "03"]
[TimeControl "180+1"]
[Date "2022.03.01"]
[WhiteClock "0:00:41"]
[BlackClock "0:01:31"]

1. b3 b6 2. e4 e5 3. Nf3 Nc6 4. Bc4 Bb7 5. O-O Be7 6. d4 exd4 7. Nxd4 Nf6 8. Nxc6 dxc6 9. f3 Qxd1 10. Rxd1 O-O 11. Bf4 Rad8 12. Nc3 Bc5+ 13. Kf1 Bd4 14. Bd2 Be5 15. g3 Rxd2 16. Rxd2 Bxc3 17. Rad1 Bxd2 18. Rxd2 Re8 19. g4 Bc8 20. h4 Kf8 21. Kg2 Ke7 22. g5 Nh5 23. Kf2 Be6 24. Bf1 Rd8 25. Rxd8 Kxd8 26. Ke3 Ke7 27. f4 f5 28. gxf6+ gxf6 29. Kf3 f5 30. Bd3 fxe4+ 31. Bxe4 Bd5 0-1


[Site "https://www.chess.com"]

[Event "Titled Tuesday Blitz March 01 Early 2022"]
[White "milenapn"]
[Black "Pasti, Aron"]
[BlackFideId "785857"]
[WhiteElo "2130"]
[BlackElo "2080"]
[Result "0-1"]
[Round "03"]
[TimeControl "180+1"]
[Date "2022.03.01"]
[WhiteClock "0:00:04"]
[BlackClock "0:00:35"]

1. e4 e5 2. Bc4 Nf6 3. d3 c6 4. Nf3 d5 5. Bb3 Qc7 6. O-O Bd6 7. Re1 O-O 8. Bg5 Nbd7 9. Nc3 dxe4 10. dxe4 Re8 11. Qe2 b5 12. Rad1 a5 13. a4 Ba6 14. Nxb5 cxb5 15. axb5 Bb7 16. Nh4 h6 17. Bxf6 Nxf6 18. Nf5 Bf8 19. b6 Qxb6 20. Qc4 Qe6 21. Qc7 Bd5 22. Bxd5 Nxd5 23. Rxd5 Rec8 24. Qd7 Rxc2 0-1


[Site "https://www.chess.com"]